 Dungeon Crawl Stone Soup version 0.29-a0-221-gceb61267dd (webtiles) character file.

Game seed: 17012137602914310310

218 Aksej the Skirmisher (level 5, -5/44 HPs)
             Began as a Demonspawn Monk on Feb 26, 2022.
             Slain by a river rat (6 damage)
             ... summoned by Eustachio
             ... on level 4 of the Dungeon.
             The game lasted 00:07:32 (4167 turns).

Aksej the Skirmisher (Demonspawn Monk)              Turns: 4167, Time: 00:07:32

Health: -5/44      AC:  4    Str: 12    XL:     5   Next: 63%
Magic:  7/7        EV: 13    Int: 11    God:
Gold:   147        SH:  0    Dex: 17    Spells: 6/7 levels left

rFire   + . .      SeeInvis .   a - +0 mace
rCold   + + .      Faith    .   (no shield)
rNeg    . . .      Spirit   .   b - +0 robe
rPois   +          Reflect  .   (no helmet)
rElec   +          Harm     .   (no cloak)
rCorr   +          Rampage  .   (no gloves)
Will    .....                   t - +0 pair of boots
Stlth   ++........              (no amulet)
HPRegen 0.14/turn               k - ring of protection from cold
MPRegen 0.20/turn               (no ring)

@: about to teleport, resistant, flying, hasted, very quick
A: rugged brown scales 1, magic regeneration, demonic magic 1
a: no special abilities


You were on level 4 of the Dungeon.
You visited 1 branch of the dungeon, and saw 4 of its levels.

You collected 147 gold pieces.

Inventory:

Hand Weapons
 a - a +0 mace (weapon)
Armour
 b - a +0 robe (worn)
 t - a +0 pair of boots (worn)
Jewellery
 h - an amulet of the acrobat
 j - an amulet of magic regeneration
 k - a ring of protection from cold (left hand)
 r - an amulet of regeneration
Scrolls
 d - 2 scrolls of fog
 f - 2 scrolls of teleportation
 m - a scroll of noise {unknown}
 n - a scroll of immolation {unknown}
 o - a scroll of fear {unknown}
 p - a scroll of magic mapping {unknown}
Potions
 c - a potion of invisibility
 e - a potion of haste


   Skills:
 * Level 4.3 Fighting
 + Level 3.4 Maces & Flails
 + Level 3.1 Dodging
 + Level 2.4 Stealth
 + Level 1.9 Spellcasting
 + Level 1.5 Summonings


You had 6 spell levels left.
You knew the following spells:

 Your Spells              Type           Power      Damage    Failure   Level
a - Summon Small Mammal   Summ           16%        N/A       16%         1

Your spell library contained the following spells:

 Spells                   Type           Power      Damage    Failure   Level
 Call Canine Familiar     Summ           4%         N/A       43%         3
 Summon Guardian Golem    Hex/Summ       2%         N/A       54%         3


Dungeon Overview and Level Annotations

Branches:
Dungeon (4/15)
 Temple: D:4-7

Altars:

Annotations:
D:4 Eustachio


Innate Abilities, Weirdness & Mutations

You are partially covered in rugged brown scales. (AC +1, +3% HP)
You regenerate magic rapidly.
Spells you cast may paralyse adjacent enemies.


Message History

Eustachio hits you with a +0 rapier. The river rat misses you.
The river rat bites you.
It was a potion of magic.
Magic courses through your body.
You hit Eustachio but do no damage. Eustachio hits you with a +0 rapier.
The river rat closely misses you.
The river rat bites you but does no damage.
You hit Eustachio.
Eustachio is lightly wounded.
Eustachio casts a spell.
The river rat closely misses you. x2
You hit Eustachio.
Eustachio is lightly wounded.
Eustachio closely misses you. The river rat bites you!
* * * LOW HITPOINT WARNING * * *
The river rat barely misses you.
You closely miss Eustachio.
Eustachio is lightly wounded.
Eustachio closely misses you. The river rat closely misses you.
The river rat misses you.
You barely miss Eustachio.
Eustachio is lightly wounded.
Eustachio hits you with a +0 rapier.
* * * LOW HITPOINT WARNING * * *
The river rat bites you but does no damage.
As you read the scroll of teleportation, it crumbles to dust.
You feel strangely unstable.
The river rat bites you but does no damage.
You closely miss Eustachio.
Eustachio is lightly wounded.
The shadow imp disappears in a puff of smoke!
Eustachio hits you with a +0 rapier.
* * * LOW HITPOINT WARNING * * *
The river rat closely misses you. The river rat bites you.
* * * LOW HITPOINT WARNING * * *
You hit Eustachio.
Eustachio is lightly wounded.
Eustachio hits you with a +0 rapier.
* * * LOW HITPOINT WARNING * * *
The river rat bites you.
You die...

###############
#.....#...r@@r#
#.###.#.#####r#
#.# #.# ...#.#
#.# #.#####.#.#
#.# #...<.....#
#.######....###
#....# ######
#.##.#
#######.#


You could see Eustachio, 2 river rats and a quokka (summoned).

Vanquished Creatures
  An ogre (D:4)
  5 adders
  A gnoll (D:1)
  4 worms
  A dart slug (D:1)
  An orc (D:3)
  5 ball pythons
  9 bats
  3 endoplasms
  2 giant cockroaches
  5 goblins
  6 hobgoblins
  3 jackals (D:3)
  A frilled lizard (D:2)
  7 kobolds
  7 rats
61 creatures vanquished.

Vanquished Creatures (collateral kills)
  4 endoplasms
  A goblin (D:3)
  A frilled lizard (D:3)
6 creatures vanquished.

Grand Total: 67 creatures vanquished

Notes
Turn   | Place    | Note
-------+----------+-------------------------------------------
     0 | D:1      | Aksej the Demonspawn Monk began the quest for the Orb.
     0 | D:1      | Reached XP level 1. HP: 18/18 MP: 1/1
   292 | D:1      | Gained mutation: You regenerate magic rapidly. [demonic
                  | ancestry]
   292 | D:1      | Reached XP level 2. HP: 13/24 MP: 2/2
   605 | D:1      | Found a faded altar of an unknown god.
   793 | D:1      | Gained mutation: Spells you cast may paralyse adjacent
                  | enemies. [demonic ancestry]
   793 | D:1      | Reached XP level 3. HP: 14/30 MP: 3/3
  2549 | D:2      | Learned a level 1 spell: Summon Small Mammal
  2784 | D:3      | Reached XP level 4. HP: 37/37 MP: 1/4
  2811 | D:3      | Reached skill level 4 in Fighting
  3688 | D:4      | Reached skill level 1 in Spellcasting
  3722 | D:4      | Noticed an ogre
  3734 | D:4      | Killed an ogre
  3735 | D:4      | Reached skill level 1 in Summonings
  3735 | D:4      | Gained mutation: You are partially covered in rugged brown
                  | scales. (AC +1, +3% HP) [demonic ancestry]
  3735 | D:4      | Reached XP level 5. HP: 16/43 MP: 2/7
  4062 | D:4      | Noticed Eustachio
  4167 | D:4      | HP: 1/44 [Eustachio/+0 rapier (4)]
  4167 | D:4      | Slain by a river rat

Illustrated notes

Levels and vault maps discovered:
D:1:      amcnicky_arrival_choice, layout_loops_corners,
          shapermc_ecumenical_altar_notcrosses
D:2:      layout_basic
D:3:      layout_rooms, minmay_stone_trees_small, dk_vineyard_3,
          dk_noncrumbling_2, minmay_surrounded
D:4:      layout_basic, minmay_temple_entry_grid, uniq_sigmund, uniq_eustachio

Skill      XL: |  1  2  3  4 |
---------------+-------------+-----
Maces & Flails | 3 |  3.4
Dodging        | 3 |  3.1
Stealth        | 2 |  2.4
Fighting       | 4 |  4.3
Spellcasting   | 1 |  1.9
Summonings     | 1 |  1.5

Action                   |  1- 3 |  4- 6 || total
-------------------------+-------+-------++-------
Melee: Mace              |   118 |   102 ||   220
       Punch             |     1 |     2 ||     3
 Cast: Summon Small Mamm |     5 |    73 ||    78
  Use: Scroll            |     5 |     1 ||     6
       Potion            |     1 |     6 ||     7
 Stab: Sleeping          |     5 |       ||     5
       Distracted        |       |     1 ||     1
       Paralysed         |       |     1 ||     1
Armor: Robe              |    15 |    28 ||    43
Dodge: Dodged            |    78 |   119 ||   197

Table legend: (Time is in decaauts)
 A = Elapsed time spent in this place.
 B = Non-inter-level travel time spent in this place.
 C = Inter-level travel time spent in this place.
 D = Time resting spent in this place.
 E = Time spent auto-exploring this place.
 F = Levels seen in this place.
 G = Mean time per level.
                   A        B        C        D        E       F      G
               +--------+--------+--------+--------+--------+-----+--------+
         Total |   4212 |   4097 |    115 |      0 |   3444 |   4 | 1053.0 |
       Dungeon |   4212 |   4097 |    115 |      0 |   3444 |   4 | 1053.0 |
               +--------+--------+--------+--------+--------+-----+--------+

Top non-repeatable levels by time:
     D:1: 1557 daAuts
     D:2: 1169 daAuts
     D:3: 991 daAuts
     D:4: 493 daAuts
